 Dungeon Crawl Stone Soup version bcrawl-1.37.2 (webtiles) character file.

Game seed: 3382422495480251759

187499 Leeroy the Slasher (level 5, -4/38 HPs)
             Began as a Vampire Skald on Feb 1, 2023.
             Slain by an orc
             ... wielding a +2 hand axe of electrocution
              (17 damage)
             ... on level 2 of the Dungeon.
             The game lasted 00:04:03 (2058 turns).

Leeroy the Slasher (Vampire Skald)                  Turns: 2058, Time: 00:04:04

Health: -4/38      AC:  3    Str: 14    XL:     5   Next: 52%
Magic:  7/8        EV: 12    Int: 14    God:
Gold:   76         SH:  2    Dex: 13    Spells: 7/8 levels left

rFire    . . .     GDR:     26% i - +1 falchion (vamp)
rCold    . . .     SeeInvis +   (no shield)
rNeg     + . .     Gourm    .   b - +0 leather armour
rPois    .         Faith    .   (no helmet)
rElec    .         Spirit   .   (no cloak)
rCorr    .         Reflect  .   (no gloves)
MR       .....                  (no boots)
Stlth    ++........             d - amulet of magic regeneration
HPRegen  0.16/turn              (no ring)
MPRegen  0.23/turn              (no ring)

@: infused
A: claws 1, fangs 3, see invisible, unbreathing
a: no special abilities


You were on level 2 of the Dungeon.
You were not thirsty.

You visited 1 branch of the dungeon, and saw 3 of its levels.

You collected 76 gold pieces.

Inventory:

Hand Weapons
 a - a +0 long sword
 i - a +1 vampiric falchion (weapon)
 r - a cursed +0 dagger
Missiles
 k - 129 poisoned tomahawks (quivered)
Armour
 b - a +0 leather armour (worn)
 o - a +0 pair of boots
Jewellery
 d - an amulet of magic regeneration (around neck)
Scrolls
 c - 3 scrolls of remove curse
 e - a scroll of fear
 f - a scroll of immolation {unknown}
 g - 2 scrolls of magic mapping {unknown}
 h - 2 scrolls of teleportation {unknown}
 l - a scroll of enchant weapon {unknown}
 n - a scroll of blinking {unknown}
Potions
 j - 3 potions of brilliance {unknown}
 m - a potion of resistance {unknown}
 p - a potion of flight {unknown}
 q - 4 potions of blood


   Skills:
 - Level 1.7 Fighting
 + Level 7.1 Long Blades
 - Level 0.8 Armour
 - Level 2.1 Dodging
 - Level 2.0 Spellcasting
 - Level 3.2 Charms


You had 7 spell levels left.
You knew the following spells:

 Your Spells              Type           Power        Failure   Level  Hunger
a - Infusion              Chrm           ##......     8%          1    None

Your spell library contained the following spells:

 Spells                   Type           Power        Failure   Level  Hunger
 Song of Slaying          Chrm           ##......     12%         2    ##.....
 Swiftness                Chrm/Air       #.......     22%         2    ##.....
 Ozocubu's Armour         Chrm/Ice       #.......     41%         3    ####...
 Regeneration             Chrm/Necr      #.........   41%         3    ####...
 Spectral Weapon          Hex/Chrm       #.......     41%         3    ####...


Dungeon Overview and Level Annotations

Branches:
Dungeon (3/12)

Altars:
Gozag
Nemelex Xobeh


Innate Abilities, Weirdness & Mutations

You have sharp fingernails.
You have razor-sharp teeth.
You have supernaturally acute eyesight. (SInv)
You can survive without breathing.


Message History

Your movement speed is average.
Your attack speed is above average.
Okay, then.
You're too thirsty to transform right now.
Unknown command.
You're too thirsty to transform right now.
Okay, then.
Okay, then.
Quiver which item? (- for none, * to show all) (? for menu, Esc to quit)
Okay, then.
Casting: Infusion (safe; 8% risk of failure)
Confirm with . or Enter, or press ? or * to list all spells.
You begin infusing your attacks with magical energy.
The orc closely misses you.
You hit the orc.
You feel better.
The orc is lightly wounded.
You hit the orc but do no damage.
The orc is lightly wounded.
The orc hits you with a +2 hand axe of electrocution!
You are electrocuted!
You die...

####.......####
#...)>.....##
#...........#
#...........#
#####...........#
#........##.....#
#........##.....#
#....o...##.....#
#....@...##.....#
#....######.....#
##.......########
#######.#


You could see an orc.

Vanquished Creatures
  A crimson imp (D:3)
  A bullfrog skeleton (D:3)
  5 adders (D:3)
  5 worms
  3 dart slugs
  4 leopard geckos
  3 orcs (D:3)
  9 bats
  2 giant cockroaches
  2 goblins (D:1)
  8 hobgoblins
  4 jackals (D:2)
  7 kobolds
  2 quokkas
  3 ball pythons
  6 frilled lizards
  6 rats
71 creatures vanquished.

Notes
Turn   | Place    | Note
-------+----------+-------------------------------------------
     0 | D:1      | Leeroy the Vampire Skald began the quest for the Orb.
     0 | D:1      | Reached XP level 1. HP: 16/16 MP: 3/3
    20 | D:1      | Reached skill level 3 in Long Blades
    74 | D:1      | Reached XP level 2. HP: 22/22 MP: 5/5
   317 | D:1      | Reached skill level 4 in Long Blades
   373 | D:1      | Reached XP level 3. HP: 27/27 MP: 6/6
   878 | D:3      | Found an opulent altar of Gozag.
   927 | D:3      | Reached skill level 5 in Long Blades
   927 | D:3      | Reached XP level 4. HP: 23/33 MP: 7/7
  1145 | D:3      | Found a sparkling altar of Nemelex Xobeh.
  1194 | D:3      | Reached skill level 6 in Long Blades
  1276 | D:3      | Found a glowing silver altar of Zin.
  1360 | D:3      | Reached XP level 5. HP: 38/38 MP: 8/8
  1886 | D:2      | Found a faded altar of an unknown god.
  1922 | D:2      | Reached skill level 7 in Long Blades
  2058 | D:2      | Slain by an orc

Skill      XL: |  1  2  3  4  5 |
---------------+----------------+-----
Long Blades    | 3 4 5 6 7 |  7.1
Fighting       | |  1.7
Armour         | |  0.8
Dodging        | |  2.1
Spellcasting   | |  2.0
Charms         | |  3.2

Action                   |  1- 3 |  4- 6 || total
-------------------------+-------+-------++-------
Melee: Long sword        |    66 |       ||    66
       Bite              |    12 |    14 ||    26
       Falchion          |    45 |   124 ||   169
 Cast: Infusion          |       |     1 ||     1
  Use: Scroll            |     1 |     1 ||     2
 Stab: Sleeping          |     1 |     2 ||     3
  Eat: Corpse            |     8 |     5 ||    13
Armor: Leather armour    |    41 |    32 ||    73
Dodge: Dodged            |    94 |    90 ||   184
Block: Other             |     2 |     4 ||     6
